AoeStats
← AiM | Fubuki Sinri

MegaRandom

510027273Analyzed
4v4 RM · 4d ago on Sep 29, 2026· 30m 58s· 8 players
Game mode
Random Map
Map size
Large (8 player)
Population
200
Speed
Normal
Resources
Standard
Victory
Conquest
Starting age
Dark Age
Ending age
Imperial Age
RankedLock teamsTeams togetherTeam positionsShared explorationLock speedFull tech treeHidden civsTurbo modeCheats
Victory
Defeat
🇧🇷 Mongols · Brazil
1730
+11
🇲🇽 Khmer · Mexico
1703
+12
🇨🇳 Persians · China
1687
+13
🇲🇽 Sicilians · Mexico
1654
+14
1642
-14
🇨🇱 Franks · Chile
1639
-13
🇦🇷 Persians · Argentina
1595
-12
🇲🇽 Britons · Mexico
1585
-11
César UAM
6:05 Loom
loco_angel
5:54 Loom
8:44 Feudal Age
16:58 Forging
18:52 Scale Barding Armor
19:12 Double-Bit Axe
20:15 Bloodlines
25:29 Castle Age
26:14 Husbandry
25:35 Light Cavalry
28:51 Chain Barding Armor
Bo Zhi Shang
4:17 Loom
10:04 Feudal Age
17:33 Double-Bit Axe
20:47 Fletching
25:31 Castle Age
24:27 Gold Mining
24:58 Horse Collar
27:41 Forging
29:09 Wheelbarrow
29:08 Bloodlines
Fs.churacoRS
6:06 Loom
8:24 Feudal Age
9:04 Double-Bit Axe
9:46 Horse Collar
17:03 Town Watch
21:33 Castle Age
20:20 Scale Barding Armor
20:56 Bloodlines
21:01 Gold Mining
21:51 Forging
22:16 Husbandry
26:34 Chain Barding Armor
AiM | Fubuki Sinri
4:45 Loom
11:05 Feudal Age
21:35 Fletching
29:56 Castle Age
28:47 Double-Bit Axe
28:44 Horse Collar
AiM | PoRRo
6:48 Loom
9:27 Feudal Age
29:34 Scale Mail Armor
31:36 Wheelbarrow
AIM | Agua cate 98
6:37 Loom
9:40 Feudal Age
11:24 Double-Bit Axe
16:00 Forging
19:55 Horse Collar
21:23 Wheelbarrow
22:02 Bloodlines
26:23 Castle Age
26:35 Scale Barding Armor
29:27 Husbandry
30:24 Iron Casting
QNA | Apachai Hopachai
5:48 Loom
19:18 Feudal Age
24:54 Double-Bit Axe
29:11 Horse Collar
32:32 Castle Age
Connection lost

Rejoining the realm…

Still unreachable

The connection could not be restored.

Session expired

The server has moved on; the page needs a fresh start.